 Dungeon Crawl Stone Soup version 0.30-a0-395-gfe72c296f8 (webtiles) character file.

Game seed: 9971386435734432501

114212 Emberiza the Severer (level 16, -5/155 HPs)
             Began as a Minotaur Berserker on Dec 7, 2022.
             Was a High Priest of Trog.
             Hit by a silver javelin thrown by a merfolk javelineer (20 damage)
             ... on level 2 of the Shoals.
             The game lasted 01:11:00 (33332 turns).

Emberiza the Severer (Minotaur Berserker)          Turns: 33332, Time: 01:11:00

Health: -5/155     AC: 38    Str: 27    XL:     16   Next: 15%
Magic:  15/15      EV: 14    Int:  9    God:    Trog [*****.]
Gold:   396        SH:  0    Dex:  9    Spells: 15/15 levels left

rFire   x . .      SeeInvis .    W - +5 executioner's axe (venom)
rCold   + . .      Faith    .    (shield currently unavailable)
rNeg    . . .      Spirit   .    b - +8 orange crystal plate armour {Archmagi, Int+3 Clar}
rPois   .          Reflect  .    (helmet restricted)
rElec   .          Harm     .    M - +0 cloak
rCorr   .          Rampage  .    G - +0 pair of gloves
Will    +++..      Archmagi +    B - +0 pair of boots {Stlth+}
Stlth   .......... Clarity  +    a - amulet of magic regeneration
HPRegen 1.45/turn                T - ring of ice
MPRegen 0.54/turn                E - +4 ring of evasion

@: strong-willed, on berserk cooldown, regenerating, slowed, very slow
A: horns 2, retaliatory headbutt, fangs 1, clumsy 1, subdued magic 1
a: Renounce Religion, Berserk, Trog's Hand, Brothers in Arms


You were on level 2 of the Shoals.
You worshipped Trog.
Trog was extremely pleased with you.
You visited 4 branches of the dungeon, and saw 24 of its levels.

You collected 2380 gold pieces.
You spent 1984 gold pieces at shops.

Inventory:

Hand Weapons
 f - the +8 mithril axe "Arga" {speed, Will+}
   (You acquired it on level 3 of the Dungeon)

   Attacks with this weapon are significantly faster.
   Will:      It increases your willpower.
 K - a +4 broad axe of flaming
 W - a +5 executioner's axe of venom (weapon)
Missiles
 m - a throwing net
 n - 25 poisoned darts (quivered)
Armour
 b - the +8 orange crystal plate armour (worn) {Archmagi, Int+3 Clar}
   (You bought it in a shop on level 3 of the Dungeon)

   Int:       It affects your intelligence (+3).
   Clar:      It protects you against confusion.
 B - a +0 pair of boots of stealth (worn)
 G - a +0 pair of gloves (worn)
 H - the +3 Mad Mage's Maulers {Infuse+∞ RegenMP Int-3}
   (You found it on level 6 of the Dungeon)

   It empowers its wearer's blows with all of their magic.
   It causes its wearer's magical reserves to regenerate more quickly.
   Int:       It affects your intelligence (-3).
 I - an orb of light
 M - a +0 cloak (worn)
 Z - a +0 buckler
Jewellery
 a - an amulet of magic regeneration (around neck)
 r - the amulet of Terch {RegenMP rElec Str+4 Dex-3}
   (You found it on level 12 of the Dungeon)

   [amulet of magic regeneration]

   It increases your rate of magic regeneration.
   Str:       It affects your strength (+4).
   Dex:       It affects your dexterity (-3).
   rElec:     It insulates you from electricity.
 t - a +6 ring of dexterity
 u - a ring of positive energy
 A - a +6 ring of intelligence
 E - a +4 ring of evasion (right hand)
 F - a ring of fire
 Q - a ring of willpower
 T - a ring of ice (left hand)
 X - the ring of Petuorha {rElec rC+ AC+4 Slay-4 Stlth+}
   (You found it on level 5 of the Lair of Beasts)

   [ring of protection]

   AC:        It affects your AC (+4).
   Slay:      It affects your accuracy & damage with ranged weapons and melee
   (-4).
   rC:        It protects you from cold.
   rElec:     It insulates you from electricity.
   Stlth:     It makes you more stealthy.
Wands
 j - a wand of mindburst (15)
 x - a wand of digging (15)
 L - a wand of light (9)
 U - a wand of polymorph (13)
 V - a wand of flame (10)
Scrolls
 d - 6 scrolls of identify
 i - 2 scrolls of poison
 o - 4 scrolls of fear
 q - 11 scrolls of teleportation
 s - 6 scrolls of blinking
 w - 2 scrolls of silence
 y - 6 scrolls of butterflies
 C - a scroll of acquirement
 J - 2 scrolls of summoning
 P - 3 scrolls of magic mapping
 Y - a scroll of enchant armour
Potions
 c - 3 potions of mutation
 e - 2 potions of haste
 g - 4 potions of resistance
 h - a potion of magic
 k - 8 potions of curing
 l - a potion of degeneration
 p - 4 potions of heal wounds
 v - a potion of berserk rage
 z - 6 potions of lignification
 D - 2 potions of might
 N - 4 potions of brilliance
 O - 3 potions of flight
 R - 7 potions of ambrosia


   Skills:
 + Level 17.1 Fighting
 - Level 20.0 Axes
 + Level 16.8 Armour
 + Level 15.6 Dodging


You had 15 spell levels left.
You didn't know any spells.
Your spell library was empty.

Dungeon Overview and Level Annotations

Branches:
Dungeon (15/15)            Temple (0/1) D:6            Lair (5/5) D:9
 Shoals (2/4) Lair:3        Snake (0/4) Lair:2        Slime (0/5) Lair:5
    Orc (2/2) D:11            Elf (0/3) Orc:2        Vaults (0/5) D:13
 Depths (0/4) D:15

Altars:
Ashenzari
Dithmenos
Elyvilon
Fedhas
Gozag
Hepliaklqana
Kikubaaqudgha
Nemelex Xobeh
Qazlal
Ru
Uskayaw
Vehumet
Wu Jian
Xom
Zin
Jiyva

Shops:
D:3 *   Orc:2 :(*[

Portals:
Trove: D:12 (give 6 scrolls of blinking)

Annotations:
D:6 2 runed translucent doors
D:11 3 runed translucent doors, bosakos's ghost, journeyman MiMo
D:14 3 runed translucent doors, Maeq's ghost, journeyman OpCK
Lair:5 3 runed translucent doors, nujazz's ghost, journeyman DECj


Innate Abilities, Weirdness & Mutations

You have a pair of horns on your head.
You reflexively headbutt those who attack you in melee.
You have very sharp teeth.
You are clumsy. (Dex -2)
Your spells are a little easier to cast, but a little less powerful.


Message History

Your unstable footing causes you to fumble your attack.
You feel sick.
You slice the merfolk aquamancer like a ripe choko!!!
You kill the merfolk aquamancer!
Trog accepts your kill.
Trog appreciates your killing of a magic user.
You feel sick.
The merfolk javelineer throws a silver javelin.
The silver javelin pierces through you.
* * * LOW HITPOINT WARNING * * *
The silver sears you!
* * * LOW HITPOINT WARNING * * *
You feel sick.
The merfolk javelineer throws a silver javelin.
The silver javelin pierces through you but does no damage.
The silver sears you!
* * * LOW HITPOINT WARNING * * *
You feel a strong urge to attack something.
You are no longer berserk.
You are exhausted.
You feel yourself slow down.
You feel sick.
You feel better.
Okay, then.
Your skin crawls.
You feel strong-willed.
The merfolk javelineer throws a silver javelin.
The silver javelin pierces through you!!
* * * LOW HITPOINT WARNING * * *
The silver sears you!
* * * LOW HITPOINT WARNING * * *
You enter the shallow water.
Moving in this stuff is going to be slow.
The merfolk javelineer throws a silver javelin.
The silver javelin pierces through you but does no damage.
The silver sears you!
* * * LOW HITPOINT WARNING * * *
The merfolk javelineer hits you but does no damage.
The merfolk javelineer throws a silver javelin.
The silver javelin pierces through you!!
You die...

≈≈≈≈≈≈≈≈≈≈≈≈≈≈≈≈≈
≈≈≈≈≈≈≈≈≈≈≈≈≈≈≈≈≈≈
≈≈≈≈≈≈≈≈≈≈≈≈≈≈≈≈≈≈≈~~
≈≈≈≈≈≈≈≈≈≈≈≈≈≈≈≈≈~~~~
≈≈≈≈≈≈≈≈≈≈≈≈≈~~~~~~~~~~
≈≈≈≈≈≈≈≈≈≈≈~~~~~~~~....
≈≈≈≈≈~~~~~~~~~~~~~[....
≈≈≈~~~~~~)~~~.....~~~c.
≈≈~~~~~~~@m~..~##.~~~~.
≈~~~~...#....~###......
~~~~...#####....:.?....
~~~~..# ###.<.....#
~~~..) ####...## ~~~..
....m ~~.## .... ~~.
..E ~~ ..


You could see a merfolk javelineer.

Vanquished Creatures
  Saint Roka (Orc:2)
  Frances (Shoals:1)
  A stone giant (Orc:2)
  The ghost of choppaz the Thaumaturge, a journeyman DECj of Vehumet (D:9)
  3 dire elephants (Lair:5)
  Azrael (D:13)
  3 ettins (Orc:2)
  A merfolk impaler (Shoals:1)
  A yaktaur captain (D:13)
  Josephine (D:13)
  A rakshasa (D:15)
  A vault guard (D:13)
  A great orb of eyes (D:15)
  Erolcha (D:12)
  6 hydras
  4 centaur warriors
  A catoblepas (Lair:5)
  An alligator snapping turtle (Shoals:1)
  A merfolk aquamancer (Shoals:2)
  5 two-headed ogres
  4 boulder beetles
  2 tengu warriors
  4 death yaks
  2 deep troll earth magi (D:13)
  2 slime creatures (D:15)
  4 sea snakes (Shoals:1)
  A fire crab (Lair:3)
  A spectral anaconda (Lair:5)
  An obsidian statue (Lair:5)
  4 necromancers (Lair:5)
  3 deep elf pyromancers
  4 harpies (Shoals:1)
  2 orc sorcerers
  4 orc knights
  12 ugly things
  16 cyclopes
  24 elephants
  8 fauns (Shoals:1)
  2 manticores (Shoals:1)
  3 water nymphs (Shoals:1)
  Maurice (D:9)
  Joseph (D:7)
  4 black mambas
  2 merfolk sirens (Shoals:1)
  A torpor snail (Lair:5)
  9 cane toads
  3 gargoyles
  3 rime drakes
  2 efreet
  A dire elephant skeleton (Lair:5)
  9 komodo dragons
  2 tengu conjurers (D:15)
  3 merfolk
  A troll (Orc:2)
  3 polar bears
  A wind drake (Shoals:1)
  A queen bee (Lair:3)
  A troll (shapeshifter) (D:15)
  Grinder (D:3)
  A hornet (D:7)
  2 dream sheep (Shoals:1)
  Prince Ribbit (D:7)
  12 blink frogs
  2 snapping turtles
  A raiju (shapeshifter) (D:14)
  A spectral elephant (Lair:5)
  A ynoxinul (D:9)
  2 shadows (D:11)
  A yak (shapeshifter) (D:15)
  5 wyverns
  6 wraiths
  4 water elementals
  76 yaks
  4 fire elementals (D:13)
  19 vampire mosquitoes
  A basilisk (D:12)
  3 death yak simulacra (Lair:5)
  6 steam dragons
  A spectral cane toad (Lair:5)
  8 wargs
  7 acid dragons
  15 water moccasins
  4 hell hounds (D:13)
  3 ice beasts
  A sky beast (D:7)
  3 black bears
  20 orc warriors
  An elephant zombie (Lair:5)
  7 ogres
  6 wolves (Lair:2)
  2 elephant skeletons (Lair:5)
  16 centaurs
  4 kobold brigands
  3 necrophages
  13 bullfrogs
  5 scorpions
  2 cane toad simulacra (Lair:5)
  5 wights (D:4)
  2 elephant simulacra (Lair:5)
  25 killer bees (Lair:3)
  5 howler monkeys
  An electric eel (D:9)
  6 hounds (D:6)
  A jelly (D:6)
  12 orc priests
  Ijyb (D:3)
  3 iguanas
  16 orc wizards
  17 gnolls
  10 adders
  A shadow imp (D:6)
  4 white imps
  2 ufetubi (D:5)
  2 worms (D:2)
  2 dart slugs
  49 orcs
  8 endoplasms
  7 giant cockroaches
  6 goblins
  3 hobgoblins
  3 jackals (D:3)
  3 quokkas
  10 ball pythons
  6 bats
  3 frilled lizards
  26 kobolds
  7 rats
  A plant (Shoals:1)
704 creatures vanquished.

Vanquished Creatures (collateral kills)
  An orc warlord (Orc:1)
1 creature vanquished.

Vanquished Creatures (others)
  A gnoll (D:7)
  A bush (D:9)
  26 fungi
  40 plants
  19 withered plants (Lair:5)
87 creatures vanquished.

Grand Total: 792 creatures vanquished

Notes
Turn   | Place    | Note
-------+----------+-------------------------------------------
     0 | D:1      | Emberiza the Minotaur Berserker began the quest for the
                  | Orb.
     0 | D:1      | Reached XP level 1. HP: 19/19 MP: 0/0
    94 | D:1      | Reached skill level 4 in Axes
    94 | D:1      | Reached XP level 2. HP: 25/27 MP: 1/1
   475 | D:1      | Reached XP level 3. HP: 31/33 MP: 2/2
   480 | D:1      | Reached skill level 5 in Axes
   818 | D:2      | Reached ** piety under Trog
   911 | D:2      | Identified the +1 leather armour "Uveghanocs" {Drain rF++
                  | Str+8 Int-4}
   982 | D:2      | Reached XP level 4. HP: 32/40 MP: 3/3
  1082 | D:2      | Reached skill level 6 in Axes
  1402 | D:3      | Reached skill level 7 in Axes
  1402 | D:3      | Reached XP level 5. HP: 46/46 MP: 4/4
  1538 | D:3      | Identified a scroll of acquirement
  1540 | D:3      | Acquired the +8 mithril axe "Arga" {speed, Will+}
  1540 | D:3      | Found the +8 mithril axe "Arga" {speed, Will+}
  1544 | D:3      | Found Kypripp's General Store.
  1797 | D:3      | Noticed Ijyb
  1803 | D:3      | Killed Ijyb
  2032 | D:3      | Bought a +0 scale mail for 48 gold pieces
  2170 | D:3      | Noticed Grinder
  2179 | D:3      | Killed Grinder
  2180 | D:3      | Reached skill level 8 in Axes
  2180 | D:3      | Reached XP level 6. HP: 48/52 MP: 5/5
  2267 | D:3      | You fall into a shaft and drop 2 floors!
  2267 | D:5      | Entered Level 5 of the Dungeon
  2322 | D:4      | Reached skill level 9 in Axes
  2360 | D:4      | Reached XP level 7. HP: 52/58 MP: 6/6
  2419 | D:4      | Found a shadowy altar of Dithmenos.
  2434 | D:4      | Reached skill level 10 in Axes
  2569 | D:4      | Reached *** piety under Trog
  3012 | D:4      | Found a broken altar of Ashenzari.
  3104 | D:5      | Reached skill level 11 in Axes
  3164 | D:5      | Found a stormy altar of Qazlal.
  3211 | D:5      | Reached XP level 8. HP: 66/66 MP: 7/7
  3302 | D:5      | Reached skill level 12 in Axes
  4018 | D:6      | Found a large runed translucent door.
  4027 | D:6      | Found a large runed translucent door.
  4036 | D:6      | Found a large runed translucent door.
  4036 | D:6      | Found a large runed translucent door.
  4079 | D:6      | Reached skill level 13 in Axes
  4101 | D:6      | Found a staircase to the Ecumenical Temple.
  4212 | D:6      | Reached skill level 14 in Axes
  4214 | D:6      | Reached XP level 9. HP: 69/71 MP: 8/8
  4225 | D:6      | Reached skill level 15 in Axes
  4577 | D:6      | Identified the +0 leather armour of Honour {rElec Str-2
                  | Dex+3 SInv}
  4667 | D:6      | Reached skill level 16 in Axes
  4677 | D:6      | Reached **** piety under Trog
  4731 | D:6      | Found the +3 Mad Mage's Maulers {Infuse+∞ RegenMP Int-3}
  4990 | D:6      | Noticed a cyclops
  4994 | D:6      | Killed a cyclops
  5360 | D:7      | Noticed Prince Ribbit
  5362 | D:7      | Killed Prince Ribbit
  5363 | D:7      | Reached skill level 17 in Axes
  5363 | D:7      | Reached XP level 10. HP: 72/78 MP: 0/9
  5519 | D:7      | Noticed Joseph
  5536 | D:7      | Killed Joseph
  5541 | D:7      | Reached skill level 18 in Axes
  5769 | D:7      | Found a blossoming altar of Fedhas.
  5806 | D:7      | Found a glowing silver altar of Zin.
  5958 | D:7      | Found a white marble altar of Elyvilon.
  5959 | D:7      | Found a hazy altar of Hepliaklqana.
  5987 | D:7      | Found a shimmering altar of Xom.
  5988 | D:7      | Found a radiant altar of Vehumet.
  5990 | D:7      | Found an ancient bone altar of Kikubaaqudgha.
  5991 | D:7      | Found an opulent altar of Gozag.
  5994 | D:7      | Found a sparkling altar of Nemelex Xobeh.
  5996 | D:7      | Found a hide-covered altar of Uskayaw.
  6000 | D:7      | Found a sacrificial altar of Ru.
  6458 | D:8      | Noticed a two-headed ogre
  6462 | D:8      | Killed a two-headed ogre
  6463 | D:8      | Reached skill level 19 in Axes
  9565 | D:9      | Noticed Maurice
  9572 | D:9      | Reached XP level 11. HP: 51/74 MP: 0/10
  9582 | D:9      | Killed Maurice
  9583 | D:9      | Reached skill level 20 in Axes
 10126 | D:9      | Reached skill level 5 in Fighting
 10134 | D:9      | Found a staircase to the Lair.
 10165 | D:9      | Reached skill level 5 in Armour
 10354 | D:9      | Found a runed translucent door.
 10356 | D:9      | Noticed choppaz's ghost (journeyman DECj)
 10498 | D:9      | Reached skill level 5 in Dodging
 10521 | D:9      | Identified the +8 falchion "Voahucae" {freeze, Str+4}
 10888 | D:10     | Entered Level 10 of the Dungeon
 10980 | D:10     | Reached ***** piety under Trog
 12292 | Lair:1   | Entered Level 1 of the Lair of Beasts
 12685 | Lair:1   | Reached XP level 12. HP: 101/101 MP: 0/11
 13561 | Lair:2   | Found a staircase to the Snake Pit.
 13964 | Lair:2   | Received a gift from Trog
 14198 | Lair:2   | Noticed a four-headed hydra
 14211 | Lair:2   | Killed a six-headed hydra
 14393 | Lair:3   | Noticed a five-headed hydra
 14402 | Lair:3   | Killed a six-headed hydra
 14408 | Lair:3   | Noticed a death yak
 14412 | Lair:3   | Noticed a death yak
 14413 | Lair:3   | Noticed a death yak
 14415 | Lair:3   | Noticed a death yak
 14444 | Lair:2   | Killed a death yak
 14845 | Lair:3   | Killed a death yak
 14846 | Lair:3   | Killed a death yak
 14847 | Lair:3   | Reached skill level 10 in Fighting
 14849 | Lair:3   | Killed a death yak
 15682 | Lair:3   | Reached skill level 10 in Armour
 15997 | Lair:3   | Found a staircase to the Shoals.
 16412 | Lair:3   | Reached XP level 13. HP: 114/114 MP: 0/12
 16835 | Lair:4   | Identified the +9 scale mail of Birdsong {Will+}
 17605 | Lair:5   | Entered Level 5 of the Lair of Beasts
 17612 | Lair:5   | Reached skill level 10 in Dodging
 18111 | Lair:5   | Noticed a dire elephant
 18111 | Lair:5   | Noticed a dire elephant
 18112 | Lair:5   | Noticed a dire elephant
 18773 | Lair:5   | Found a viscous altar of Jiyva.
 18773 | Lair:5   | Found a staircase to the Slime Pits.
 18895 | Lair:5   | Found a runed translucent gate.
 18895 | Lair:5   | Found a runed translucent gate.
 18895 | Lair:5   | Found a runed translucent gate.
 18895 | Lair:5   | Noticed nujazz's ghost (journeyman DECj)
 19661 | Lair:5   | Reached XP level 14. HP: 120/127 MP: 0/13
 19830 | Lair:5   | Identified the +6 scale mail "Vuvye" {Will+ Int+6}
 20365 | Lair:5   | Identified the ring of Petuorha {rElec rC+ AC+4 Slay-4
                  | Stlth+}
 20664 | D:9      | Killed choppaz's ghost
 21366 | D:11     | Found a broken altar of Ashenzari.
 21371 | D:11     | Found a staircase to the Orcish Mines.
 21531 | D:11     | Gained mutation: You have sharp toenails. [potion of
                  | mutation]
 21531 | D:11     | Gained mutation: You are occasionally teleported next to
                  | monsters. [potion of mutation]
 21531 | D:11     | Gained mutation: You occasionally lose the ability to read
                  | scrolls when taking damage. [potion of mutation]
 21531 | D:11     | Gained mutation: Your spells are a little harder to cast,
                  | but a little more powerful. [potion of mutation]
 21532 | D:11     | Lost mutation: You are occasionally teleported next to
                  | monsters. [potion of mutation]
 21532 | D:11     | Lost mutation: You have sharp toenails. [potion of
                  | mutation]
 21532 | D:11     | Lost mutation: Your spells are a little harder to cast, but
                  | a little more powerful. [potion of mutation]
 21532 | D:11     | Gained mutation: You occasionally lose the ability to drink
                  | potions when taking damage. [potion of mutation]
 21532 | D:11     | Gained mutation: You are partially covered in iridescent
                  | scales. (AC +2) [potion of mutation]
 21532 | D:11     | Gained mutation: Your spells are a little easier to cast,
                  | but a little less powerful. [potion of mutation]
 21533 | D:11     | Lost mutation: You occasionally lose the ability to drink
                  | potions when taking damage. [potion of mutation]
 21533 | D:11     | Lost mutation: You occasionally lose the ability to read
                  | scrolls when taking damage. [potion of mutation]
 21533 | D:11     | Lost mutation: You are partially covered in iridescent
                  | scales. (AC +2) [potion of mutation]
 21533 | D:11     | Gained mutation: You are clumsy. (Dex -2) [potion of
                  | mutation]
 21533 | D:11     | Gained mutation: You occasionally shout uncontrollably at
                  | your foes. [potion of mutation]
 21533 | D:11     | Gained mutation: You occasionally lose the ability to read
                  | scrolls when taking damage. [potion of mutation]
 21533 | D:11     | Gained mutation: You have very sharp teeth. [potion of
                  | mutation]
 21534 | D:11     | Lost mutation: Your spells are a little easier to cast, but
                  | a little less powerful. [potion of mutation]
 21534 | D:11     | Lost mutation: You occasionally shout uncontrollably at
                  | your foes. [potion of mutation]
 21534 | D:11     | Lost mutation: You occasionally lose the ability to read
                  | scrolls when taking damage. [potion of mutation]
 21534 | D:11     | Gained mutation: Your spells are a little easier to cast,
                  | but a little less powerful. [potion of mutation]
 21848 | D:11     | Found a runed translucent gate.
 21848 | D:11     | Found a runed translucent gate.
 21848 | D:11     | Found a runed translucent gate.
 21854 | D:11     | Noticed bosakos's ghost (journeyman MiMo)
 21877 | D:11     | Received a gift from Trog
 22481 | Orc:1    | Entered Level 1 of the Orcish Mines
 22554 | Orc:1    | Found an ornate altar of the Wu Jian Council.
 22562 | Orc:1    | Found a transporter.
 22573 | Orc:1    | Found a transporter.
 23135 | Orc:1    | Found a transporter.
 23155 | Orc:1    | Found a transporter.
 23156 | Orc:1    | Found an ornate altar of the Wu Jian Council.
 23156 | Orc:1    | Noticed an orc warlord
 23752 | Orc:1    | Killed an orc warlord
 23935 | Orc:2    | Entered Level 2 of the Orcish Mines
 23936 | Orc:2    | Found Gaadon's Antique Weapon Boutique.
 24102 | Orc:2    | Noticed a stone giant
 24103 | Orc:2    | Found Raugooz's Book Shoppe.
 24110 | Orc:2    | Killed a stone giant
 24200 | Orc:2    | Noticed Saint Roka
 24218 | Orc:2    | Killed Saint Roka
 24331 | Orc:2    | Found a gate leading to a gauntlet.
 24340 | Orc:2    | Found Kameraz's General Store.
 24421 | Orc:2    | Reached skill level 15 in Fighting
 24421 | Orc:2    | Reached XP level 15. HP: 141/141 MP: 1/14
 24662 | D:3      | Bought the +8 orange crystal plate armour {Archmagi, Int+3
                  | Clar} for 1734 gold pieces
 24662 | D:3      | Found the +8 orange crystal plate armour {Archmagi, Int+3
                  | Clar}
 25248 | Orc:2    | Found Cushodgh's Antique Armour Shoppe.
 25424 | Orc:2    | Found a staircase to the Elven Halls.
 26023 | D:12     | Found a portal to a secret trove of treasure.
 26023 | D:12     | Noticed Erolcha
 26029 | D:12     | Killed Erolcha
 26402 | D:12     | Identified the amulet of Terch {RegenMP rElec Str+4 Dex-3}
 26751 | D:13     | Reached skill level 15 in Armour
 27059 | D:13     | Noticed Azrael
 27286 | D:13     | Killed Azrael
 28682 | D:13     | Received a gift from Trog
 28777 | D:13     | Noticed Josephine
 28786 | D:13     | Killed Josephine
 28917 | D:13     | Found a gate to the Vaults.
 29297 | D:14     | Identified the +4 long sword "Xosmymox" {flame, Int+7
                  | Dex+5}
 29412 | D:14     | Found a shimmering altar of Xom.
 29426 | D:14     | Found a shimmering altar of Xom.
 29427 | D:14     | Found a shimmering altar of Xom.
 29428 | D:14     | Found a shimmering altar of Xom.
 29428 | D:14     | Found a shimmering altar of Xom.
 29429 | D:14     | Found a shimmering altar of Xom.
 29429 | D:14     | Found a shimmering altar of Xom.
 29646 | D:14     | Found a runed translucent gate.
 29646 | D:14     | Noticed Maeq's ghost (journeyman OpCK)
 29647 | D:14     | Found a runed translucent gate.
 29647 | D:14     | Found a runed translucent gate.
 29647 | D:14     | Noticed a storm dragon
 29812 | D:14     | Identified the +4 long sword of the Big Fish {flame, rF+++
                  | Dex-2 Stlth+}
 29964 | Orc:2    | Bought a pair of embroidered boots for 202 gold pieces
 30182 | D:15     | Entered Level 15 of the Dungeon
 30817 | D:15     | Found a sparkling altar of Nemelex Xobeh.
 31289 | D:15     | Reached skill level 15 in Dodging
 31289 | D:15     | Found a staircase to the Depths.
 31293 | D:15     | Received a gift from Trog
 31861 | Shoals:1 | Entered Level 1 of the Shoals
 32057 | Shoals:1 | Noticed Frances
 32072 | Shoals:1 | Killed Frances
 32601 | Shoals:1 | Reached XP level 16. HP: 144/154 MP: 15/15
 33332 | Shoals:2 | Hit by a silver javelin thrown by a merfolk javelineer

Illustrated notes

Levels and vault maps discovered:
D:1:      scummos_arrival_forest, layout_basic
D:2:      layout_basic, minmay_tetromino_o4
D:3:      layout_basic, serial_shops, shop, uniq_grinder, uniq_ijyb
D:4:      layout_loops_ring, nicolae_dithmenos_the_darkroom,
          kennysheep_mini_moat, kennysheep_generic_room_8
D:5:      layout_basic, nicolae_overflow_hidden_temple, uniq_edmund
D:6:      layout_loops_cross, minmay_temple_entry_junction_2,
          hangedman_decor_growths, minmay_hollow_rounded_squares
D:7:      layout_cave_pools, overflow_temple_1_default,
          nicolae_overflow_hallway_of_the_gods, fedhas_bush_and_centaur_altar,
          uniq_joseph, uniq_prince_ribbit1
D:8:      minmay_inner_zag, layout_basic, nicolae_figureground_sparkle
D:9:      layout_long_grid, minmay_lair_entry_grove, hellmonk_ghost_big_iron,
          kennysheep_cross_room, uniq_maurice
D:10:     layout_loops_ring, chequers_serial_rivers_large_b
D:11:     layout_layer_cave, david_orc_3, gammafunk_ghost_spectres,
          ashenzari_conservatory_becter
D:12:     layout_loops_ring, enter_trove_0, uniq_erolcha
D:13:     layout_stronghold, david_vaults_5, minmay_radiant, uniq_azrael,
          uniq_josephine
D:14:     layout_gridville, minmay_staircase_bubble, gammafunk_ghost_split,
          xom_redecorated
D:15:     gammafunk_enter_depths_forms, layout_rooms,
          nemelex_xobeh_ov_fountains_minmay
Lair:1:   layout_regular_city
Lair:2:   layout_cave_pods, dummy_snake_entry
Lair:3:   layout_cave_pods, minmay_shoals_entry_hut, special_room
          [special_room_bee], serial_bayou_shore_a
Lair:4:   layout_roguey, grunt_megastairs_5
Lair:5:   due_jungle_book, layout_regular_city, dpeg_slime_entry_enclosed,
          ebering_ghost_rock_garden
Shoals:1: layout_shoals, uniq_frances
Shoals:2: layout_shoals, uniq_mlioglotl
Orc:1:    dreamdust_wu_jian_sword_trials, layout_caves, nicolae_orc_pool_cavern,
          hellmonk_bongcloud_opening
Orc:2:    grunt_orc_gardens, layout_diamond_mine, grunt_orc_garden,
          grunt_orc_garden, grunt_orc_garden, grunt_orc_garden,
          gauntlet_entry_generic, uniq_saint_roka

Skill      XL: |  1  2  3  4  5  6  7  8  9 10 11 12 13 14 15 16 |
---------------+-------------------------------------------------+-----
Axes           | 4 5 7 8 9 11 14 17 19 20 | 20.0
Fighting       | 7 10 12 15 16 17 | 17.1
Armour         | 7 10 12 14 16 | 16.8
Dodging        | 6 9 11 13 15 | 15.6

Action                   |  1- 3 |  4- 6 |  7- 9 | 10-12 | 13-15 | 16-18 || total
-------------------------+-------+-------+-------+-------+-------+-------++-------
Melee: Hand axe          |    82 |    30 |       |       |       |       ||   112
       Headbutt          |     9 |     6 |    19 |    64 |   161 |    20 ||   279
       Broad axe         |       |    35 |   128 |   255 |       |       ||   418
       Punch             |       |       |     2 |       |       |       ||     2
       Executioner's axe |       |       |       |    71 |   710 |    69 ||   850
       Bite              |       |       |       |       |    56 |     8 ||    64
Throw: Dart              |       |       |       |       |     1 |       ||     1
Invok: Berserk           |     1 |     1 |     4 |     9 |    19 |     1 ||    35
       Trog's Hand       |       |       |       |     7 |     2 |     1 ||    10
       Brothers in Arms  |       |       |       |       |     1 |       ||     1
Evoke: Wand              |       |       |       |       |     2 |       ||     2
  Use: Scroll            |     5 |     6 |     1 |     8 |     5 |       ||    25
       Potion            |       |       |       |     1 |    13 |     1 ||    15
 Stab: Sleeping          |     1 |       |       |     2 |       |       ||     3
       Distracted        |       |       |     1 |       |     1 |       ||     2
Armor: Animal skin       |    12 |     1 |       |       |       |       ||    13
       Leather armour    |       |     8 |     2 |    17 |       |       ||    27
       Scale mail        |       |     3 |    16 |       |   153 |       ||   172
       Ring mail         |       |       |     6 |       |       |       ||     6
       Plate armour      |       |       |       |   115 |     4 |       ||   119
       Skin              |       |       |       |    12 |       |       ||    12
       Crystal plate arm |       |       |       |       |   182 |    75 ||   257
Dodge: Dodged            |    52 |    33 |    60 |   163 |   521 |    51 ||   880

Table legend: (Time is in decaauts)
 A = Elapsed time spent in this place.
 B = Non-inter-level travel time spent in this place.
 C = Inter-level travel time spent in this place.
 D = Time resting spent in this place.
 E = Time spent auto-exploring this place.
 F = Levels seen in this place.
 G = Mean time per level.
                   A        B        C        D        E       F      G
               +--------+--------+--------+--------+--------+-----+--------+
         Total |  33530 |  30892 |   2638 |  10025 |  16657 |  24 | 1397.1 |
       Dungeon |  20720 |  18887 |   1833 |   6361 |  10120 |  15 | 1381.3 |
          Lair |   8842 |   8287 |    555 |   2692 |   4509 |   5 | 1768.4 |
        Shoals |   1377 |   1336 |     41 |    278 |    722 |   2 |  688.5 |
  Orcish Mines |   2589 |   2381 |    208 |    694 |   1305 |   2 | 1294.5 |
               +--------+--------+--------+--------+--------+-----+--------+

Top non-repeatable levels by time:
     D:8: 3825 daAuts
  Lair:2: 2230 daAuts
  Lair:5: 2113 daAuts
  Lair:3: 1864 daAuts
     D:9: 1850 daAuts
    D:13: 1777 daAuts
    D:12: 1617 daAuts
  Lair:4: 1607 daAuts
    D:11: 1572 daAuts
   Orc:1: 1572 daAuts
    D:15: 1511 daAuts
     D:6: 1450 daAuts
     D:3: 1342 daAuts
Shoals:1: 1338 daAuts
  Lair:1: 1026 daAuts
